 Dungeon Crawl Stone Soup version 0.28-a0-46-g7b1be97da7 (webtiles) character file.

Game seed: 13612961038758742047

1260 graki42 the Conjurer (level 8, -5/46 HPs)
             Began as an Octopode Conjurer on July 30, 2021.
             Was a Follower of Sif Muna.
             Slain by a necrophage (7 damage)
             ... on level 5 of the Dungeon.
             The game lasted 00:20:32 (6517 turns).

graki42 the Conjurer (Octopode Conjurer)            Turns: 6517, Time: 00:20:33

Health: -5/46      AC:  1    Str:  8    XL:     8   Next: 52%
Magic:  10/15      EV: 13    Int: 20    God:    Sif Muna [*.....]
Gold:   178        SH:  0    Dex: 11    Spells: 6/17 levels left

rFire   . . .      SeeInvis .   (no weapon)
rCold   . . .      Faith    .   (no shield)
rNeg    . . .      Spirit   .   (helmet restricted)
rPois   .          Reflect  .   (no amulet)
rElec   .          Harm     .   (no ring)
rCorr   .          Rampage  .   (no ring)
Will    .....                   (no ring)
Stlth   +++.......              (no ring)
HPRegen 0.15/turn               (no ring)
MPRegen 0.14/turn               (no ring)
                                (no ring)
                                (no ring)

@: no status effects
A: almost no armour, amphibious, 8 rings, camouflage 1, gelatinous body 1,
(nimble swimmer 1), tentacles
a: Renounce Religion, Channel Magic


You were on level 5 of the Dungeon.
You worshipped Sif Muna.
Sif Muna was aware of your devotion.
You visited 2 branches of the dungeon, and saw 6 of its levels.
You also visited: Sewer.

You collected 178 gold pieces.

Inventory:

Missiles
 e - 4 boomerangs of dispersal
Armour
 o - a +0 buckler
Wands
 m - a wand of mindburst (8)
Scrolls
 a - 2 scrolls of teleportation {unknown}
 d - a scroll of magic mapping
 i - 2 scrolls of identify
 k - a scroll of brand weapon
 l - a scroll of immolation {unknown}
 s - a scroll of fear
Potions
 b - 3 potions of curing {unknown}
 c - a potion of lignification
 f - 2 potions of haste {unknown}
 g - a potion of attraction {unknown}
 h - a potion of magic {unknown}
 j - a potion of invisibility {unknown}
 n - 3 potions of cancellation {unknown}
 p - a potion of might {unknown}
 q - 2 potions of heal wounds {unknown}
 r - a potion of resistance {unknown}
 t - a potion of degeneration {unknown}


   Skills:
 - Level 2.0 Dodging
 - Level 3.0 Stealth
 + Level 5.0 Spellcasting
 + Level 6.9 Conjurations
 + Level 4.2 Hexes
 + Level 3.3 Translocations
 + Level 2.9 Invocations


You had 6 spell levels left.
You knew the following spells:

 Your Spells              Type           Power      Damage    Failure   Level
a - Magic Dart            Conj           100%       1d8       1%          1
b - Searing Ray           Conj           64%        3d5       1%          2
c - Fulminant Prism       Conj/Hex       13%        3d9       12%         4
d - Iskenderun's Mystic   Conj/Tloc      25%        2d7       14%         4

Your spell library contained the following spells:

 Spells                   Type           Power      Damage    Failure   Level
 Dazzling Flash           Conj/Hex       54%        N/A       3%          3
 Gell's Gravitas          Tloc           9%         N/A       9%          3
 Lesser Beckoning         Tloc           9%         N/A       9%          3
 Teleport Other           Tloc           18%        N/A       9%          3


Dungeon Overview and Level Annotations

Branches:
Dungeon (5/15)             Temple (1/1) D:4           Sewer (visited)

Altars:
Cheibriados
Elyvilon
Fedhas
Hepliaklqana
Kikubaaqudgha
Sif Muna
Trog
Vehumet
Xom
Zin
The Shining One

Shops:
D:4 [

Annotations:
D:4 2 transporters


Innate Abilities, Weirdness & Mutations

You cannot wear most types of armour.
You are amphibious.
You can wear up to eight rings at the same time.
Your skin changes colour to match your surroundings (Stealth+).
Your rubbery body absorbs attacks. (AC +1, EV +1)
((You are camouflaged near water. (Stealth+)))
You have tentacles for arms and can constrict up to eight enemies at once.


Message History

(Press . to maintain the ray.) Unknown command.
The searing ray hits the bullfrog zombie!
The bullfrog zombie is heavily damaged.
The bullfrog zombie hits you.
The searing ray misses the bullfrog zombie.
The bullfrog zombie barely misses you. The gnoll sergeant barely misses you.
The bullfrog zombie hits you.
The gnoll hits you from afar with a +0 spear.
The bullfrog zombie hits you but does no damage.
The gnoll hits you with a +0 spear.
The gnoll sergeant hits you with a +0 trident.
You tentacle-slap the gnoll but do no damage.
You grab the gnoll. You constrict the gnoll.
The bullfrog zombie barely misses you. The gnoll hits you with a +0 spear.
The gnoll sergeant misses you.
The bullfrog zombie completely misses you.
The necrophage closely misses you.
You tentacle-slap the gnoll but do no damage.
The gnoll is moderately wounded.
You constrict the gnoll, but do no damage.
The gnoll barely misses you. The gnoll sergeant closely misses you.
The bullfrog zombie closely misses you. The necrophage barely misses you.
You tentacle-slap the gnoll. You squeeze the gnoll.
The gnoll is heavily wounded.
You constrict the gnoll. The gnoll hits you with a +0 spear!
The gnoll sergeant hits you with a +0 trident.
* * * LOW HITPOINT WARNING * * *
The bullfrog zombie hits you.
* * * LOW HITPOINT WARNING * * *
The necrophage closely misses you.
You tentacle-slap the gnoll but do no damage.
You squeeze the gnoll.
The gnoll is almost dead.
You constrict the gnoll. The bullfrog zombie hits you.
* * * LOW HITPOINT WARNING * * *
The gnoll hits you with a +0 spear!
* * * LOW HITPOINT WARNING * * *
The gnoll sergeant barely misses you. The necrophage hits you!
You die...

*,*** *,*,,,...?##****,* *,*,*
*,,,* *,*,,,.)...,,,,,,* *,*,*
***,* *,****#/..#*********,*,*
*,* #.#####...# *,,,,, *,*
#.....#...####### *,,,,, *,*
#####.#...##....# *,,,,,
******,* #.#...##....# *,,,,,
*,,,,,,* ####.#ng.##....# #.....
**,****####....#@..##....#
#.....
*,,,,,........Zg..##....###.....
******###.....).................
#....###.......####..... #....*
#.#####[# #..... ##.#.**#.#
##.####(.... #.#.,,..#
#...........
#.##*####**#......#####
*,*,,,,,..........# #


You could see a necrophage, a gnoll sergeant, a gnoll and a bullfrog zombie.

Vanquished Creatures
  Grinder (D:4)
  Menkaure (D:5)
  2 ogres
  3 killer bees (D:5)
  A water moccasin skeleton (D:5)
  A howler monkey (D:5)
  An orc priest (D:3)
  A hound (D:4)
  Jessica (D:2)
  Natasha (thrice) (D:2)
  An orc wizard (D:5)
  An iguana (D:4)
  Robin (D:3)
  6 gnolls
  4 river rats (D:5)
  13 adders
  An adder skeleton (D:4)
  3 worms
  2 dart slugs
  6 orcs
  5 endoplasms
  3 giant cockroaches
  15 goblins
  7 hobgoblins
  13 jackals
  11 kobolds
  7 quokkas
  5 ball pythons
  9 bats
  10 frilled lizards
  14 rats
152 creatures vanquished.

Vanquished Creatures (others)
  6 plants (Sewer)
6 creatures vanquished.

Grand Total: 158 creatures vanquished

Notes
Turn   | Place    | Note
-------+----------+-------------------------------------------
     0 | D:1      | graki42 the Octopode Conjurer began the quest for the Orb.
     0 | D:1      | Reached XP level 1. HP: 11/11 MP: 3/3
   199 | D:1      | Reached XP level 2. HP: 17/17 MP: 1/5
   202 | D:1      | Learned a level 2 spell: Searing Ray
   326 | D:1      | Found a faded altar of an unknown god.
   999 | D:2      | Found a shimmering altar of Xom.
  1051 | D:2      | Reached XP level 3. HP: 21/21 MP: 2/6
  1385 | D:2      | Reached skill level 5 in Conjurations
  1394 | D:2      | Reached XP level 4. HP: 24/27 MP: 0/7
  1581 | D:2      | Learned a level 4 spell: Fulminant Prism
  1653 | D:2      | Noticed Natasha
  1660 | D:2      | Killed Natasha
  1904 | D:2      | Noticed Jessica
  1909 | D:2      | Killed Jessica
  1910 | D:2      | Reached skill level 1 in Hexes
  1910 | D:2      | Reached XP level 5. HP: 31/31 MP: 4/9
  2220 | D:2      | Noticed Natasha
  2223 | D:2      | Killed Natasha
  2325 | D:2      | You fall into a shaft and drop 1 floor!
  2444 | D:3      | Noticed Robin
  2455 | D:3      | Killed Robin
  2484 | D:2      | Noticed Natasha
  2492 | D:2      | Killed Natasha
  2739 | D:3      | Reached XP level 6. HP: 36/36 MP: 7/11
  3073 | D:3      | Learned a level 4 spell: Iskenderun's Mystic Blast
  3176 | D:3      | Reached skill level 1 in Translocations
  3179 | D:3      | Reached skill level 6 in Conjurations
  3412 | D:4      | Found Pabyoroq's Armour Boutique.
  3422 | D:4      | Reached XP level 7. HP: 16/41 MP: 6/13
  3719 | D:4      | Found a snail-covered altar of Cheibriados.
  3952 | D:4      | Found a transporter.
  4000 | D:4      | Found a staircase to the Ecumenical Temple.
  4008 | Temple   | Entered the Ecumenical Temple
  4029 | Temple   | Became a worshipper of Sif Muna the Loreminder
  4261 | D:4      | Noticed Grinder
  4266 | D:4      | Paralysed by Grinder for 5 turns
  4276 | D:4      | Killed Grinder
  4277 | D:4      | Reached skill level 1 in Invocations
  4500 | D:4      | Found a transporter.
  4710 | D:5      | Entered Level 5 of the Dungeon
  4733 | D:5      | Noticed Menkaure
  4738 | D:5      | Killed Menkaure
  4739 | D:5      | Reached XP level 8. HP: 46/46 MP: 9/14
  4751 | D:5      | Found a glowing drain.
  4794 | Sewer    | Entered a sewer
  5451 | D:5      | Reached * piety under Sif Muna
  6404 | D:5      | Reached skill level 5 in Spellcasting
  6517 | D:5      | HP: 2/46 [gnoll (7)]
  6517 | D:5      | Slain by a necrophage

Illustrated notes

Levels and vault maps discovered:
D:1:      dpeg_arrival_rooms_a, layout_basic,
          shapermc_ecumenical_altar_starsandcircs
D:2:      layout_loops_ring, basic_altar, chequers_serial_rivers_large_b,
          uniq_jessica, uniq_natasha
D:3:      layout_rooms, nrook_mini_backslash, minmay_misc_feat_rows, uniq_robin
D:4:      gammafunk_wand_slinger, layout_basic, cheibriados_altar_1,
          minmay_temple_entry_crystal_x, serial_shops, nicolae_shop_stone,
          minmay_misc_feat_tower, uniq_grinder
D:5:      lemuel_ratsnest, layout_basic, portal_sewer_entry_d, uniq_menkaure
Temple:   compressed_dpeg_circular_temple

Skill      XL: |  1  2  3  4  5  6  7  8 |
---------------+-------------------------+-----
Stealth        | 3 |  3.0
Conjurations   | 5 6 |  6.9
Spellcasting   | 3 4 5 |  5.0
Hexes          | 1 2 3 4 |  4.2
Translocations | 1 2 3 |  3.3
Invocations    | 2 |  2.9
Dodging        | |  2.0

Action                   |  1- 3 |  4- 6 |  7- 9 || total
-------------------------+-------+-------+-------++-------
Melee: Unarmed           |       |     5 |    38 ||    43
       Constrict         |       |     1 |    11 ||    12
       Tentacles         |       |       |    10 ||    10
 Cast: Magic Dart        |    39 |    59 |    65 ||   163
       Searing Ray       |     5 |    23 |    31 ||    59
  Use: Scroll            |       |     1 |     4 ||     5
 Stab: Sleeping          |       |       |     4 ||     4
Armor: Skin              |       |       |     2 ||     2
Dodge: Dodged            |     2 |    15 |    41 ||    58

Table legend: (Time is in decaauts)
 A = Elapsed time spent in this place.
 B = Non-inter-level travel time spent in this place.
 C = Inter-level travel time spent in this place.
 D = Time resting spent in this place.
 E = Time spent auto-exploring this place.
 F = Levels seen in this place.
 G = Mean time per level.
                   A        B        C        D        E       F      G
               +--------+--------+--------+--------+--------+-----+--------+
         Total |   6520 |   6463 |     57 |   1041 |   4537 |   7 |  931.4 |
       Dungeon |   5871 |   5826 |     45 |   1041 |   4077 |   5 | 1174.2 |
        Temple |     33 |     21 |     12 |      0 |     10 |   1 |   33.0 |
         Sewer |    615 |    615 |      0 |      0 |    450 |   1 |  615.0 |
               +--------+--------+--------+--------+--------+-----+--------+

Top non-repeatable levels by time:
     D:2: 1574 daAuts
     D:4: 1284 daAuts
     D:5: 1191 daAuts
     D:1: 974 daAuts
     D:3: 846 daAuts
   Sewer: 615 daAuts
  Temple: 33 daAuts
